Unix NetHack Version 5.0.0-0 post-release - last build May 31 2026 23:59:36 (970b52f25bf058293b47ddfd14a1e40e571c508c,branch:main).

Game began 2026-06-02 13:15:45, ended 2026-06-03 13:26:31.

DrabEmordnilap, neutral female human Tourist

                                                                    ----------
           -----------            --------                          |........|
           |.....ll..|            |.......####         -------######.........|
           |..@..$l..|           #-......|   ####      |..(...#   # |........|
           |...Yf....|           #|......|      #      |(..>.|    ##........`|
           |.....$ul.|          ##--+-----      ####   |.....|   ###----------
           ------.----      #####                  ####......+######
                 #          #                          |.....|  ##
                 #          #                          ------- ##
                 #          #                                ##`##########
                 #          #                                #     ------.-
                ##          #                                      |.....<|
           -----.---------  #                                      |......|
           |.............| ##                                      |......|
           |..............##                                       --------
           |.............|
           |.............|
           |.............|
           ---------------

DrabEmordnilap the Excursionist  St:13 Dx:12 Co:16 In:15 Wi:8 Ch:17  Neutral
Dlvl:8  $:0  HP:0(66) Pw:27(27) AC:3  Xp:8/1318 T:6358 

Latest messages:
 It hits the warhorse.
 The large cat bites the leprechaun.
 The leprechaun is killed!
 You hear a leprechaun reading a scroll of create monster.
 An owlbear suddenly appears next to you!
 The warhorse misses it.
 The warhorse bites it.
 It hits the warhorse.
 Your large cat eats a leprechaun corpse.
 The warhorse hits it.
 The warhorse misses it.
 You hit the leprechaun!
 The owlbear hits!
 The owlbear hits again!
 The owlbear grabs you!
 The leprechaun picks up 1515 gold pieces.
 The warhorse misses it.
 The warhorse bites it.
 It is killed!
 The warhorse hits the leprechaun.
 The warhorse knocks the leprechaun backward with a powerful blow!
 You miss the owlbear.
 The owlbear hits!
 The owlbear hits again!
 You are being crushed.
 The warhorse hits the leprechaun.
 The warhorse knocks the leprechaun backward with a powerful blow!
 You miss the owlbear.
 The owlbear hits!
 The owlbear misses!
 You are being crushed.
 Your large cat eats a leprechaun corpse.
 The warhorse hits the leprechaun.
 The warhorse bites the leprechaun.
 The leprechaun hits the warhorse.
 What do you want to drink? [I or ?*] ?
 What do you want to drink? [I or ?*] <esc>
 Never mind.
 What do you want to use or apply? [cdiosvzNPZ or ?*] <esc>
 Never mind.
 You cannot escape from the owlbear!
 The owlbear misses!
 The owlbear hits!
 You are being crushed.
 You die...
 Do you want your possessions identified? [ynq] (y) y
 Do you want to see your attributes? [ynq] (y) y
 Do you want an account of creatures vanquished? [ynaq] (y) y
 Do you want to see your conduct and achievements? [ynq] (y) y
 Do you want to see the dungeon overview? [ynq] (y) y

Inventory:
 Weapons  (')')
  a - 8 +2 darts (at the ready)
  L - the rustproof +2 Ogresmasher (alternate weapon; not wielded)
  H - a +0 scimitar (weapon in right hand)
 Armor    ('[')
  K - an uncursed +0 dwarvish iron helm (being worn)
  y - an uncursed +0 pair of iron shoes (being worn)
  G - a blessed +0 cloak of magic resistance (being worn)
  B - a blessed +2 dwarvish cloak
  n - an uncursed +0 Hawaiian shirt with a flamingo motif (being worn)
  T - an uncursed +0 leather armor (being worn)
 Comestibles  ('%')
  e - an uncursed cram ration
  b - an uncursed food ration
  A - an uncursed partly eaten food ration
  j - 2 uncursed lembas wafers
  h - 3 uncursed eggs
 Scrolls  ('?')
  O - a blessed scroll of identify
  J - a blessed scroll of light
 Spellbooks  ('+')
  N - an uncursed spellbook of haste self
 Potions  ('!')
  I - an uncursed potion of booze
 Rings    ('=')
  C - an uncursed +1 ring of gain strength (on right hand)
  M - an uncursed ring of slow digestion
 Wands    ('/')
  i - a wand of digging (0:6)
  s - a wand of light (0:12)
  z - a wand of speed monster (0:4)
 Tools    ('(')
  v - an uncursed bag of holding containing 1 item
  Z - an uncursed blindfold
  d - an uncursed credit card
  o - an expensive camera (0:76)
  P - a cursed magic lamp (lit)
 Gems/Stones  ('*')
  c - an uncursed luckstone

Contents of the bag of holding:
  186 gold pieces

DrabEmordnilap the Tourist's attributes:

Background:
 You were an Excursionist, a level 8 female human Tourist.
 You were neutral, on a mission for The Lady
 who was opposed by Blind Io (lawful) and Offler (chaotic).
 You were right-handed.
 You were in the Dungeons of Doom, on level 8.
 You entered the dungeon 6358 turns ago.
 You had 1318 experience points, 1242 more were needed to attain level 9.

Basics:
 You had 0 out of 66 hit points.
 You had all 27 energy points (spell power).
 Your armor class was 3.
 Your wallet was empty, but
 you had 186 zorkmids stashed away in your pack.
 Autopickup was off.

Final Characteristics:
 Your strength was 13 (base:12, limit:18/100).
 Your dexterity was 12 (limit:18).
 Your constitution was 16 (limit:18).
 Your intelligence was 15 (limit:18).
 Your wisdom was 8 (limit:18).
 Your charisma was 17 (limit:18).

Final Status:
 You were held by an owlbear (southeast).
 You weren't hungry.
 You were unencumbered.
 You were wielding a saber.
 You had basic skill with saber.

Final Attributes:
 You were piously aligned.
 You were magic-protected.
 You were telepathic.
 You were warded.
 You were lucky.
 You had extra luck.
 Bad luck did not time out for you.
 Good luck did not time out for you.
 You are dead.

Miscellaneous:
 You didn't encounter any bones levels.
 Total elapsed playing time was 1 hour, 24 minutes and 54 seconds.

Major events:
 Turn
    1: DrabEmordnilap the neutral female human Tourist entered the dungeon
  783: entered the Gnomish Mines
  786: attained the rank of Sightseer (level 3)
 2279: was bestowed with Ogresmasher by The Lady
 2285: attained the rank of Excursionist (level 6)
 2598: reached Mine Town
 6358: killed by an owlbear

Spells:
 Name                 Level Category     Fail Retention
 force bolt             1   attack        50%  76%-100%

Skills:
 Fighting Skills
   bare handed combat [Unskilled]
   two weapon combat  [Basic]
   riding             [Unskilled]
 Weapon Skills
   dagger             [Basic]
   knife              [Unskilled]
   axe                [Unskilled]
   pick-axe           [Unskilled]
   short sword        [Unskilled]
   broadsword         [Unskilled]
   long sword         [Unskilled]
   two-handed sword   [Unskilled]
   saber              [Basic]
   mace               [Unskilled]
   morning star       [Unskilled]
   flail              [Unskilled]
   hammer             [Basic]
   quarterstaff       [Unskilled]
   polearms           [Unskilled]
   spear              [Unskilled]
   trident            [Unskilled]
   lance              [Unskilled]
   bow                [Unskilled]
   sling              [Unskilled]
   crossbow           [Unskilled]
   dart               [Basic]
   shuriken           [Unskilled]
   boomerang          [Unskilled]
   whip               [Unskilled]
   unicorn horn       [Unskilled]
 Spellcasting Skills
   divination spells  [Unskilled]
   enchantment spells [Unskilled]
   escape spells      [Unskilled]

Voluntary challenges:
 Character rerolling was not enabled.
 You never genocided any monsters.
 You never polymorphed an object.
 You never changed form.
 You used no wishes.
Achievements:
 You entered the Gnomish Mines.
 You attained the rank of Sightseer.
 You attained the rank of Excursionist.
 You entered Minetown.
 You entered a temple.
 You entered a shop.

 The Dungeons of Doom: levels 1 to 9
    Level 1:
       An altar to The Lady.
    Level 2:
       A fountain, a sink.
       Stairs down to The Gnomish Mines.
    Level 3:
       A potion shop, a fountain, a grave.
    Level 4: "temp stash"
       An altar to The Lady, a fountain.
    Level 5:
       A fountain.
    Level 6:
       An altar.
    Level 7: "temp stash"
       An altar, a fountain.
    Level 8: <- You were here.
       Final resting place for
          you, killed by an owlbear.
    Level 9:
 The Gnomish Mines: levels 3 to 6
    Level 3:
    Level 4:
    Level 5:
       Many shops, a temple and an altar, some fountains.
    Level 6:


Vanquished creatures:
  a small mimic
 19 leprechauns
 an iron piercer
  a gnome ruler
  a dingo
  a dwarf leader
  a blue jelly
  a plains centaur
  a gnome mummy
 an ape
 an imp
  a wood nymph
  a mountain nymph
  2 rock piercers
  a rock mole
  a fog cloud
  3 shriekers
  6 gnome leaders
  2 gnomish wizards
  a gray ooze
  a little dog
  2 floating eyes
  a kitten
  6 dwarves
  2 homunculi
  4 hill orcs
  a rabid rat
  a centipede
  2 giant bats
 an orc zombie
 12 dwarf zombies
  a werejackal
  4 iguanas
 an acid blob
  a coyote
  a gas spore
  2 hobbits
  2 hobgoblins
  9 giant rats
  3 cave spiders
  a brown mold
  a yellow mold
  a red mold
 23 gnomes
  5 gnome zombies
  4 geckos
  8 jackals
  4 foxes
  2 kobolds
  a goblin
  3 sewer rats
  5 grid bugs
  a bat
  9 lichens
  8 kobold zombies
  8 newts
188 creatures vanquished.

No species were genocided or became extinct.

Game over:
                       ----------
                      /          \
                     /    REST    \
                    /      IN      \
                   /     PEACE      \
                  /                  \
                  |  DrabEmordnilap  |
                  |      186 Au      |
                  |   killed by an   |
                  |     owlbear      |
                  |                  |
                  |                  |
                  |       2026       |
                 *|     *  *  *      | *
        _________)/\\_//(\/(/\)/\//\/|_)_______

Aloha DrabEmordnilap the Tourist...

You died in The Dungeons of Doom on dungeon level 8 with 5775 points,
and 186 pieces of gold, after 6358 moves.
You were level 8 with a maximum of 66 hit points when you died.

